 Dungeon Crawl Stone Soup version 0.25.0-11-g1f837a7 (webtiles) character file.

Game seed: 4200054255143319146

1458720 fiver49 the Hand of Fortune (level 27, 259/266 HPs)
             Began as a Hill Orc Air Elementalist on June 26, 2020.
             Was the Champion of Nemelex Xobeh.
             Escaped with the Orb
             ... and 3 runes!
             The game lasted 04:27:47 (100085 turns).

fiver49 the Hand of Fortune (HOAE)                Turns: 100085, Time: 04:27:48

Health: 259/266    AC: 45    Str: 27    XL:     27
Magic:  40/40      EV: 11    Int: 13    God:    Nemelex Xobeh [******]
Gold:   5902       SH: 30    Dex:  7    Spells: 28/29 levels left

rFire    + + .     SeeInvis .   a - +9 demon trident (elec)
rCold    + + +     Gourm    .   Z - +0 tower shield
rNeg     + . .     Faith    .   z - +11 gold dragon scales
rPois    +         Spirit   .   (helmet restricted)
rElec    .         Reflect  +   M - scarf {rC+ rF+}
rCorr    .         Harm     .   L - +1 pair of gloves {Str+3}
MR       +++..     Rnd*Rage +   H - +2 pair of boots {run}
Stlth    ..........             F - amulet of reflection
HPRegen  0.00/turn              j - ring of protection from magic
MPRegen  0.27/turn              o - ring "Ukuurini" {rC++ rN+ Slay+4}

@: glowing, quick
A: beak, molten scales 1, berserk 2, blurry vision 2, clumsy 2, dopey 1,
inhibited regeneration, wild magic 1
0: Orb of Zot
}: 3/15 runes: serpentine, barnacled, slimy
a: Draw Escape, Draw Destruction, Draw Summoning, Draw Stack, Triple Draw, Deal
Four, Stack Five, Renounce Religion


You escaped.
You worshipped Nemelex Xobeh.
Nemelex Xobeh was exalted by your worship.
You were not hungry.

You visited 11 branches of the dungeon, and saw 54 of its levels.
You visited the Abyss 1 time.
You also visited: Sewer, Bailey and Wizlab.

You collected 7042 gold pieces.
You spent 1140 gold pieces at shops.

Inventory:

Hand Weapons
 a - a +9 demon trident of electrocution (weapon)
 K - a +3 broad axe of chaos
Missiles
 B - 10 throwing nets (quivered)
 G - 127 boomerangs
 P - 25 silver javelins
 U - 107 javelins
Armour
 z - +11 gold dragon scales (worn)
 H - a +2 pair of boots of running (worn)
 L - a +1 pair of gloves of strength (worn)
 M - a scarf of resistance (worn)
 S - a +2 helmet of intelligence
 Z - a +0 tower shield (worn)
Jewellery
 g - an uncursed ring of see invisible
 h - an uncursed ring of flight {unknown}
 j - a ring of protection from magic (left hand)
 k - an uncursed ring of resist corrosion
 m - an uncursed ring of protection from magic
 o - the ring "Ukuurini" (right hand) {rC++ rN+ Slay+4}
   (You took it off a deep elf annihilator on level 3 of the Elven Halls)

   [ring of slaying]

   It affects your accuracy and damage with ranged weapons and melee attacks
   (+4).
   It greatly protects you from cold.
   It protects you from negative energy.
 F - an amulet of reflection (around neck)
Wands
 f - a wand of acid (42)
 i - a wand of clouds (12)
 I - a wand of iceblast (18)
 W - a wand of digging (20)
Scrolls
 q - 8 scrolls of fog
 s - 6 scrolls of holy word
 t - 5 scrolls of fear
 u - 6 scrolls of blinking
 x - 29 scrolls of remove curse
 y - a scroll of summoning
 A - 9 scrolls of identify
 C - 2 scrolls of enchant weapon
 D - a scroll of silence
 T - 23 scrolls of teleportation
Potions
 d - a potion of resistance
 l - 5 potions of cancellation
 v - 2 potions of invisibility
 w - 2 potions of might
 J - 14 potions of curing
 N - 7 potions of lignification
 O - 6 potions of flight
 Q - 2 potions of berserk rage
 V - 3 potions of magic
 X - 2 potions of heal wounds
Miscellaneous
 b - a phial of floods
 p - a lightning rod (4/4)
 r - 4 boxes of beasts
 E - 3 phantom mirrors
Comestibles
 c - 43 rations


   Skills:
 + Level 25.1 Fighting
 - Level 14.0(16.1) Axes
 - Level 12.1(14.0) Polearms
 - Level 8.0 Throwing
 + Level 24.6 Armour
 + Level 11.8 Dodging
 - Level 1.5 Stealth
 + Level 24.3 Shields
 - Level 1.5 Spellcasting
 - Level 1.0 Conjurations
 - Level 2.4 Air Magic
 + Level 26.1 Invocations


You had 28 spell levels left.
You knew the following spells:

 Your Spells              Type           Power        Failure   Level  Hunger
a - Shock                 Conj/Air       #...         82%         1    ##.....

Your spell library contained the following spells:

 Spells                   Type           Power        Failure   Level  Hunger
 Foxfire                  Conj/Fire      #...         92%         1    ##.....
 Corpse Rot               Necr/Air       N/A          95%         2    ###....
 Poisonous Vapours        Pois/Air       #.....       95%         2    ###....
 Swiftness                Chrm/Air       #.......     95%         2    ###....
 Animate Skeleton         Necr           N/A          96%         1    ##.....
 Apportation              Tloc           #.....       96%         1    ##.....
 Corona                   Hex            #......      96%         1    ##.....
 Freeze                   Ice            #...         96%         1    ##.....
 Sting                    Tmut/Pois      #...         96%         1    ##.....
 Summon Butterflies       Summ           #.......     96%         1    ##.....
 Summon Small Mammal      Summ           #...         96%         1    ##.....
 Call Imp                 Summ           #.......     99%         2    ###....
 Ensorcelled Hibernation  Hex/Ice        #.....       99%         2    ###....
 Passwall                 Tmut/Erth      #.......     99%         2    ###....
 Slow                     Hex            #.......     99%         2    ###....
 Song of Slaying          Chrm           #.......     99%         2    ###....
 Sublimation of Blood     Necr           #.........   99%         2    ###....
 Mephitic Cloud           Conj/Pois/Air  #.......     99%         3    ####...
 Static Discharge         Conj/Air       #.......     99%         3    ####...
 Call Canine Familiar     Summ           #.......     100%        3    ####...
 Confusing Touch          Hex            #.......     100%        3    ####...
 Conjure Flame            Conj/Fire      #.......     100%        3    ####...
 Dazzling Flash           Conj/Hex       #.....       100%        3    ####...
 Frozen Ramparts          Ice            #.....       100%        3    ####...
 Gell's Gravitas          Tloc           #.........   100%        3    ####...
 Ignite Poison            Fire/Tmut/Pois #.......     100%        3    ####...
 Inner Flame              Hex/Fire       #.......     100%        3    ####...
 Lesser Beckoning         Tloc           #.........   100%        3    ####...
 Ozocubu's Armour         Chrm/Ice       #.......     100%        3    ####...
 Portal Projectile        Hex/Tloc       #.....       100%        3    ####...
 Recall                   Summ/Tloc      N/A          100%        3    ####...
 Spectral Weapon          Hex/Chrm       #.......     100%        3    ####...
 Spider Form              Tmut/Pois      #.........   100%        3    ####...
 Stone Arrow              Conj/Erth      #.....       100%        3    ####...
 Summon Guardian Golem    Hex/Summ       #.......     100%        3    ####...
 Tukima's Dance           Hex            #.......     100%        3    ####...
 Vampiric Draining        Necr           #.........   100%        3    ####...
 Airstrike                Air            #.........   100%        4    #####..
 Animate Dead             Necr           N/A          100%        4    #####..
 Cause Fear               Hex            #.........   100%        4    #####..
 Dispel Undead            Necr           #.......     100%        4    #####..
 Fulminant Prism          Conj/Hex       #.........   100%        4    #####..
 Hailstorm                Conj/Ice       #.......     100%        4    #####..
 Ice Form                 Ice/Tmut       #.......     100%        4    #####..
 Iskenderun's Mystic Bla  Conj/Tloc      #.......     100%        4    #####..
 Leda's Liquefaction      Hex/Erth       #.........   100%        4    #####..
 Olgreb's Toxic Radiance  Pois           #.......     100%        4    #####..
 Petrify                  Tmut/Erth      #.......     100%        4    #####..
 Sticky Flame             Conj/Fire      #.......     100%        4    #####..
 Summon Ice Beast         Ice/Summ       #.......     100%        4    #####..
 Summon Lightning Spire   Summ/Air       #.......     100%        4    #####..
 Agony                    Necr           #.......     100%        5    ######.
 Alistair's Intoxication  Tmut/Pois      #.......     100%        5    ######.
 Aura of Abjuration       Summ           #.........   100%        5    ######.
 Bolt of Magma            Conj/Fire/Erth #.........   100%        5    ######.
 Borgnjor's Vile Clutch   Necr/Erth      #.........   100%        5    ######.
 Excruciating Wounds      Chrm/Necr      #.........   100%        5    ######.
 Fireball                 Conj/Fire      #.........   100%        5    ######.
 Irradiate                Conj/Tmut      #.........   100%        5    ######.
 Iskenderun's Battlesphe  Conj/Chrm      #.......     100%        5    ######.
 Lee's Rapid Deconstruct  Erth           #.........   100%        5    ######.
 Lightning Bolt           Conj/Air       #.........   100%        5    ######.
 Metabolic Englaciation   Hex/Ice        #.........   100%        5    ######.
 Silence                  Hex/Air        #.........   100%        5    ######.
 Summon Demon             Summ           #.........   100%        5    ######.
 Summon Forest            Summ/Tloc      #.........   100%        5    ######.
 Summon Mana Viper        Hex/Summ       #.......     100%        5    ######.
 Yara's Violent Unravell  Hex/Tmut       #.........   100%        5    ######.
 Conjure Ball Lightning   Conj/Air       #.........   100%        6    #######
 Darkness                 Hex            #.........   100%        6    #######
 Death Channel            Necr           #.........   100%        6    #######
 Eringya's Noxious Bog    Tmut/Pois      #.........   100%        6    #######
 Freezing Cloud           Conj/Ice/Air   #.........   100%        6    #######
 Hydra Form               Tmut           #.........   100%        6    #######
 Invisibility             Hex            #.......     100%        6    #######
 Iron Shot                Conj/Erth      #.........   100%        6    #######
 Ozocubu's Refrigeration  Ice            #.........   100%        6    #######
 Shadow Creatures         Summ           N/A          100%        6    #######
 Simulacrum               Ice/Necr       #.........   100%        6    #######
 Statue Form              Tmut/Erth      #........    100%        6    #######
 Dragon Form              Tmut           #.........   100%        7    #######
 Ring of Flames           Chrm/Fire      #.........   100%        7    #######
 Spellforged Servitor     Conj/Summ      #.........   100%        7    #######
 Summon Hydra             Summ           #.........   100%        7    #######
 Discord                  Hex            #.........   100%        8    #######
 Ignition                 Fire           #.........   100%        8    #######
 Shatter                  Erth           #.........   100%        9    #######
 Tornado                  Air            #.........   100%        9    #######
 Passage of Golubria      Tloc           Unusable     N/A         4    N/A

Dungeon Overview and Level Annotations

Branches:
Dungeon (15/15)            Temple (0/1) D:6            Lair (6/6) D:11
 Shoals (4/4) Lair:2        Snake (4/4) Lair:3        Slime (5/5) Lair:5
    Orc (2/2) D:12            Elf (3/3) Orc:2        Vaults (4/5) D:13
  Crypt (0/3) Vaults:2     Depths (5/5) D:15           Hell (visited)
    Tar (0/7) Hell            Zot (5/5) Depths:5      Sewer (visited)
 Bailey (visited)          WizLab (visited)
    Dis: Hell:1         Geh: Hell:1         Coc: Hell:1

Altars:
Ashenzari
Cheibriados
Dithmenos
Elyvilon
Fedhas
Gozag
Hepliaklqana
Kikubaaqudgha
Nemelex Xobeh
Okawaru
Ru
Sif Muna
Uskayaw
Vehumet
Xom
Zin
The Shining One
Beogh
Jiyva

Shops:
D:8 !   D:13 ?   D:15 *   Orc:2 ([((   Elf:1 %   Elf:3 (   Shoals:1 (
Snake:4 %   Vaults:3 (   Depths:2 }=}   Depths:3 [

Portals:
Hell: Depths:1 Depths:2 Depths:3 Depths:4 Depths:5
Abyss: Lair:3 Depths:2 Depths:4
Pandemonium: Depths:1 Depths:3 Depths:5
Ziggurat: Depths:2
Trove: Depths:5 (give +6 demon blade)

Annotations:
Shoals:1 !kill the ghost left here
Snake:1 !kill da ghost
Snake:3 exclusion: 5 doors
Elf:2 2 runed translucent doors
Elf:3 10 runed doors, exclusions: 40 doors and 1 more exclusion
Depths:2 exclusions: 2 eyes of devastation and 2 more exclusions
Depths:3 3 runed translucent doors, exclusion: 3 doors
Hell exclusion: ice statue
Zot:1 3 exclusions


Innate Abilities, Weirdness & Mutations

You have a beak for a mouth.
You are partially covered in molten scales. (AC +2)
You often lose your temper in combat.
Scrolls take you longer to read.
You are very clumsy. (Dex -4)
You are dopey. (Int -2)
You do not regenerate when monsters are visible.
Your spells are a little harder to cast, but a little more powerful.


Message History

The angel closely misses you. You block the angel's attack.
The angel gestures.
The angel is healed somewhat.
The angel hits you but does no damage. The angel barely misses you.
You block the angel's attack. x2
You block the angel's attack. The angel closely misses you.
The angel hits you with a +3 whip of holy wrath.
You block the angel's attack.
There is an open door here.
You block the angel's attack. The angel hits you but does no damage.
There is an open door here.
You block the angel's attack. x2
You block the angel's attack. x2
You block the angel's attack. x2
There is an open door here.
You block the angel's attack. x2
There is a staircase leading out of the dungeon here.
The angel hits you but does no damage. You block the angel's attack. x2
The angel hits you but does no damage.
You have escaped!

#..#8.P...P.#..#..
#..#.P.P.P.8#..#..
#..#..P.P.P.#..#..
#..#.P.P.P..#..#..
##'#........####..
##..##########..##♣
#....#......'....#
#.A..'......#....#
##@.##########..##
#### ####


You could see an angel.

Vanquished Creatures
  2 ancient liches (Zot:5)
  6 orbs of fire
  2 juggernauts
  Sojobo (Depths:2)
  3 Killer Klowns (Zot:5)
  Bai Suzhen (Vaults:3)
  2 caustic shrikes
  2 curse toes
  Geryon (Hell)
  Jory (Vaults:4)
  7 golden dragons
  3 electric golems
  A bone dragon (Depths:5)
  A Tzitzimitl (D:12)
  4 tentacled monstrosities
  25 Orb Guardians (Zot:5)
  2 deep elf master archers (Elf:3)
  25 acid blobs
  2 deep elf blademasters (Elf:3)
  A titan (Slime:5)
  2 liches
  2 quicksilver dragons
  Murray (Hell)
  A tentacled starspawn (Abyss:1)
  Gastronok (D:8)
  6 sphinxes
  3 death cobs
  Frances (D:14)
  The ghost of Loduff the Blocker, an adept GnFi of Okawaru (Snake:1)
  A revenant (Vaults:2)
  Ilsuiw (Shoals:4)
  5 shadow dragons
  8 tengu reavers
  A fire giant (shapeshifter) (Depths:1)
  9 nagarajas
  9 storm dragons
  The ghost of Kicir the Blocker, an adept GnFi of Okawaru (Snake:4)
  18 azure jellies
  4 draconian monks
  7 frost giants
  8 fire giants
  4 draconian stormcallers
  A balrug (Depths:5)
  3 iron dragons
  12 vault wardens
  The ghost of Teryn the Schismatic, a journeyman DsAK of Lugonu (Shoals:1)
  5 draconian scorchers
  An orc warlord (Orc:2)
  2 ghost moths
  A spriggan defender (Depths:3)
  3 draconian knights
  7 deep elf sorcerers
  The ghost of Cyzosac the Cleaver, a journeyman HOAK of Lugonu (Lair:6)
  5 draconian annihilators
  7 draconian shifters
  7 reapers
  6 deep elf elementalists (Elf:3)
  12 ironheart preservers
  2 angels
  25 stone giants
  3 deep elf demonologists (Elf:3)
  2 lorocyprocas
  22 very ugly things
  2 entropy weavers (Vaults:4)
  4 vampire knights
  9 white draconians
  Azrael (D:15)
  10 black draconians
  10 green draconians
  16 yellow draconians
  4 spark wasps
  14 deep elf annihilators
  The ghost of Loywebes the Blocker, a journeyman MiFi of Makhleb (Lair:3)
  6 deep elf death magi
  11 purple draconians
  9 red draconians
  10 ettins
  A green death (Hell)
  A blizzard demon (Hell)
  11 merfolk javelineers
  The ghost of Olid the Thaumaturge, a journeyman DrCj of Vehumet (Lair:1)
  A kraken zombie (Hell)
  13 merfolk impalers
  18 ogre magi
  9 great orbs of eyes
  18 yaktaur captains
  4 death oozes
  10 fire dragons
  13 ice dragons
  6 deep elf high priests (Elf:3)
  Harold (D:8)
  12 vault guards
  A hell beast (Depths:4)
  A monstrous demonspawn (Depths:5)
  10 rakshasas
  7 spriggan air magi
  16 naga warriors
  9 hydras
  4 anacondas
  Erica (Lair:2)
  10 centaur warriors
  A death knight (D:15)
  A merfolk aquamancer (Shoals:2)
  2 catoblepae
  4 satyrs
  3 merfolk avatars
  2 alligator snapping turtles
  5 tengu warriors
  29 dancing weapons
  6 death yaks (Lair:6)
  A vampire mage (Depths:2)
  40 two-headed ogres
  9 deep troll earth magi
  A hell hog (Lair:3)
  13 deep troll shamans
  2 orc high priests
  2 sun demons
  18 deep elf knights
  14 naga sharpshooters
  6 shock serpents
  8 spriggan berserkers
  4 hell knights (Hell)
  3 soul eaters
  5 spriggans
  A fire crab (shapeshifter) (Depths:2)
  Sonja (D:12)
  5 salamander mystics
  A sixfirhy (Depths:5)
  A wretched star (Abyss:1)
  2 shadow wraiths
  18 sea snakes
  6 iron trolls
  30 deep trolls
  10 skeletal warriors
  6 naga ritualists
  An infernal demonspawn (Depths:3)
  A swamp dragon (Vaults:3)
  2 gelid demonspawn (Depths:1)
  4 glowing orange brains
  A spectral anaconda (Snake:4)
  A glowing orange brain (shapeshifter) (D:13)
  2 unseen horrors (D:15)
  A death drake (Shoals:4)
  5 wizards
  A flayed ghost (Vaults:4)
  A harpy (shapeshifter) (D:8)
  20 deep elf archers
  2 necromancers
  2 phantasmal warriors
  12 ironbrand convokers
  A lindwurm (shapeshifter) (Vaults:3)
  3 wolf spiders (Vaults:1)
  A wolf spider zombie (D:13)
  15 fauns
  14 harpies
  9 orc knights
  6 oklob plants
  A stone giant zombie (Vaults:3)
  12 manticores
  48 deep elf magi
  A fire giant zombie (Vaults:4)
  A mana viper (shapeshifter) (Lair:3)
  3 mana vipers
  9 cyclopes
  A shining eye (shapeshifter) (Elf:3)
  17 salamanders
  5 orc sorcerers
  4 shining eyes
  92 slime creatures
  25 ugly things
  18 moths of wrath
  15 elephants
  5 centaur zombies
  11 vault sentinels
  A worldbinder (Abyss:1)
  30 black mambas
  A spectral shock serpent (Snake:4)
  5 water nymphs
  A rust devil (Depths:4)
  3 eyes of devastation
  12 merfolk sirens
  24 naga magi
  4 guardian serpents
  12 spiny frogs
  5 gargoyles
  2 hellions
  2 orange demons
  8 komodo dragons
  A rime drake (shapeshifter) (Vaults:2)
  43 yaktaurs
  A rime drake (Lair:5)
  7 freezing wraiths
  6 ice devils
  A yaktaur (shapeshifter) (Depths:3)
  An efreet (D:13)
  3 red devils
  An anaconda simulacrum (Snake:4)
  11 trolls
  A spectral salamander (Snake:4)
  3 hellwings
  A queen bee (Shoals:4)
  3 human skeletons
  A tengu conjurer (Depths:1)
  2 jumping spiders (Vaults:4)
  6 wind drakes
  24 merfolk
  6 polar bears
  6 meliai
  A queen bee (shapeshifter) (Vaults:1)
  9 blink frogs
  A hydra skeleton (Abyss:1)
  2 alligator zombies (Hell)
  11 hornets
  A blink frog (shapeshifter) (Vaults:2)
  14 snapping turtles
  A hornet (shapeshifter) (Depths:4)
  9 hippogriffs
  A raiju (shapeshifter) (Depths:2)
  5 dream sheep
  A spectral black mamba (Snake:4)
  A spriggan simulacrum (Depths:4)
  2 shadows
  7 water elementals
  2 large abominations
  4 air elementals
  2 tarantellas (shapeshifter)
  A vampire (D:15)
  A wyvern (D:13)
  A spectral naga (Snake:4)
  3 wraiths
  A ynoxinul (Abyss:1)
  3 redbacks (Vaults:4)
  6 fire elementals
  57 yaks
  3 basilisks
  6 fire bats (Depths:3)
  3 tarantellas (Vaults:4)
  A hog (shapeshifter) (Depths:1)
  3 small abominations
  A human (shapeshifter) (D:13)
  3 hungry ghosts
  2 steam dragons
  A basilisk (shapeshifter) (Depths:3)
  6 golden eyes
  A swamp worm (shapeshifter) (D:15)
  3 wargs
  43 nagas
  A warg (shapeshifter) (D:15)
  7 acid dragons
  2 soldier ants (shapeshifter)
  A porcupine (shapeshifter) (Depths:1)
  9 porcupines
  16 water moccasins
  5 hell hounds (D:15)
  2 floating eyes
  7 eyes of draining
  6 ice beasts
  45 orc warriors
  9 sky beasts
  4 black bears
  2 hornet zombies
  A swamp drake (shapeshifter) (Vaults:1)
  2 black mamba simulacra (Snake:4)
  32 ogres
  A necrophage (D:8)
  18 wolves
  3 human zombies
  37 centaurs
  17 crocodiles
  18 bullfrogs
  A big kobold (D:12)
  5 earth elementals
  A deep troll simulacrum (Vaults:4)
  2 wyvern zombies
  3 scorpions
  A wyvern skeleton (D:13)
  A killer bee (shapeshifter) (Depths:3)
  9 killer bees
  12 wights
  7 electric eels
  3 howler monkeys
  10 crimson imps
  24 orc priests
  A wyvern simulacrum (D:11)
  4 bullfrog zombies
  2 bullfrog skeletons
  A salamander simulacrum (Snake:4)
  3 centaur skeletons
  13 hounds
  A jelly (shapeshifter) (Vaults:4)
  2 quasits
  22 jellies
  2 iron imps
  14 worker ants
  3 iguanas
  26 orc wizards
  3 hell rats
  2 killer bee zombies
  A bullfrog simulacrum (D:11)
  5 gnolls
  19 adders
  8 river rats
  2 shadow imps
  5 white imps
  An adder skeleton (D:4)
  4 worms
  2 dart slugs
  2 leopard geckos
  145 orcs
  6 giant cockroaches
  10 goblins
  18 hobgoblins
  4 jackals
  33 kobolds
  4 quokkas
  2 ball pythons
  6 bats
  7 frilled lizards
  2 quokka skeletons
  A quokka zombie (D:7)
  13 rats
  A crawling corpse (Elf:3)
  3 fungi
  16 plants
  2 starspawn tentacles (Abyss:1)
  2 tentacles (Hell)
2440 creatures vanquished.

Vanquished Creatures (collateral kills)
  A minotaur (Shoals:3)
  A merfolk javelineer (Shoals:4)
  3 merfolk aquamancers (Shoals:4)
  2 hell knights (Hell)
  A slime creature (D:14)
  2 deep trolls (Depths:4)
  2 sea snakes (Shoals:4)
  3 fauns (Shoals:2)
  An ugly thing (D:11)
  2 harpies (Shoals:4)
  A merfolk siren (Shoals:2)
  A gargoyle (D:15)
  A tormentor (Hell)
  2 merfolk (Shoals:2)
  A polar bear (D:11)
  A wind drake (Shoals:4)
  2 snapping turtles
  3 yaks (D:9)
  A warg (Orc:2)
  6 orc warriors (Orc:2)
  A sky beast (D:11)
  A wolf (D:11)
  An ogre (Orc:2)
  A centaur (D:10)
  A big kobold (D:11)
  5 killer bees (D:10)
  2 orc priests (Orc:2)
  2 orc wizards (Orc:2)
  An adder (D:6)
  A white imp (D:11)
  An ooze (Bailey)
  3 worms (D:6)
  6 orcs (Orc:2)
  4 jackals (D:11)
  2 kobolds (D:11)
  A rat (D:6)
70 creatures vanquished.

Vanquished Creatures (others)
  A lich (Depths:4)
  A fire giant (Depths:1)
  A ghost moth (Zot:4)
  An ironheart preserver (Vaults:3)
  A merfolk impaler (Shoals:4)
  A deep troll shaman (Depths:5)
  A hell knight (Hell)
  An ironbrand convoker (Vaults:3)
  A necromancer (Vaults:4)
  A harpy (Shoals:4)
  An ugly thing (Depths:4)
  A faun (Shoals:3)
  A spectral naga (Snake:4)
  A spriggan (Depths:2)
  2 orcs (D:9)
  A goblin (Bailey)
  16 fungi
  22 plants
  2 starspawn tentacles (Abyss:1)
  12 tentacles (Hell)
69 creatures vanquished.

Grand Total: 2579 creatures vanquished

Notes
Turn   | Place    | Note
-------+----------+-------------------------------------------
     0 | D:1      | fiver49 the Hill Orc Air Elementalist began the quest for
                  | the Orb.
     0 | D:1      | Reached XP level 1. HP: 14/14 MP: 3/3
   307 | D:1      | Reached skill level 1 in Fighting
   535 | D:1      | Reached XP level 2. HP: 24/24 MP: 4/4
   813 | D:1      | You fall into a shaft and drop 1 floor!
   828 | D:2      | Found a sacrificial altar of Ru.
   828 | D:2      | Found an iron altar of Okawaru.
   863 | D:2      | Reached skill level 1 in Axes
  1120 | D:2      | Found a shattered altar of Ashenzari.
  1123 | D:2      | Found a glowing silver altar of Zin.
  1126 | D:2      | Found a glowing golden altar of the Shining One.
  1132 | D:2      | Reached XP level 3. HP: 30/30 MP: 5/5
  1137 | D:2      | Found a sparkling altar of Nemelex Xobeh.
  1144 | D:2      | Became a worshipper of Nemelex Xobeh the Trickster
  1385 | D:2      | Gained mutation: You are somewhat resistant to further
                  | mutation. [potion of mutation]
  1385 | D:2      | Gained mutation: You are agile. (Dex +2) [potion of
                  | mutation]
  1847 | D:3      | Received a gift from Nemelex Xobeh
  1847 | D:3      | Found a shadowy altar of Dithmenos.
  1855 | D:2      | Reached XP level 4. HP: 39/39 MP: 6/6
  3101 | D:3      | Reached XP level 5. HP: 14/46 MP: 7/7
  3688 | D:3      | Found a snail-covered altar of Cheibriados.
  3802 | D:3      | Noticed a centaur
  3821 | D:3      | Killed a centaur
  3821 | D:3      | Reached XP level 6. HP: 10/52 MP: 8/8
  4232 | D:3      | Reached * piety under Nemelex Xobeh
  4891 | D:4      | Received a gift from Nemelex Xobeh
  4899 | D:4      | Found a hide-covered altar of Uskayaw.
  4937 | D:4      | Noticed a +0 hand axe
  4937 | D:4      | Noticed a +0 hand axe
  5031 | D:4      | Got a translucent hunting sling
  5055 | D:4      | Identified the +8 hunting sling "Worm's Wrath" {freeze, rN+
                  | Int-3 Dex+5 SInv} (You found it on level 4 of the Dungeon)
  5192 | D:4      | Reached XP level 7. HP: 59/59 MP: 9/9
  5610 | D:4      | Received a gift from Nemelex Xobeh
  5731 | D:5      | Entered Level 5 of the Dungeon
  5826 | D:5      | Reached ** piety under Nemelex Xobeh
  5860 | D:5      | Found a white marble altar of Elyvilon.
  5891 | D:5      | Received a gift from Nemelex Xobeh
  6138 | D:4      | Reached skill level 10 in Axes
  6280 | D:5      | Reached XP level 8. HP: 50/66 MP: 10/10
  6837 | D:6      | Received a gift from Nemelex Xobeh
  7214 | D:6      | Noticed a wyvern
  7246 | D:6      | Found a glowing drain.
  7253 | Sewer    | Entered a sewer
  7446 | Sewer    | Reached *** piety under Nemelex Xobeh
  7687 | D:6      | Found a shimmering altar of Xom.
  7741 | D:6      | Reached XP level 9. HP: 71/71 MP: 11/11
  7875 | D:6      | Found a staircase to the Ecumenical Temple.
  8698 | D:7      | Reached skill level 1 in Invocations
  8785 | D:7      | Reached skill level 1 in Armour
  8838 | D:7      | Reached skill level 2 in Invocations
  8908 | D:7      | Reached skill level 5 in Fighting
  9234 | D:7      | Received a gift from Nemelex Xobeh
  9234 | D:7      | Found a glowing silver altar of Zin.
  9297 | D:7      | Reached skill level 3 in Invocations
  9829 | D:8      | Noticed a hornet
  9835 | D:8      | Killed a hornet
  9835 | D:8      | Reached skill level 4 in Invocations
  9929 | D:8      | Noticed Gastronok
  9988 | D:8      | Killed Gastronok
  9988 | D:8      | Reached skill level 5 in Invocations
  9988 | D:8      | Reached XP level 10. HP: 90/90 MP: 12/14
 10215 | D:8      | Received a gift from Nemelex Xobeh
 10258 | D:8      | Noticed Harold
 10292 | D:8      | Found a hazy altar of Hepliaklqana.
 10332 | D:8      | Noticed a harpy
 10336 | D:8      | Killed a harpy
 10336 | D:8      | Reached skill level 5 in Armour
 10336 | D:8      | Reached skill level 6 in Invocations
 10503 | D:8      | Found Fukup's Distillery.
 10714 | D:8      | Killed Harold
 11010 | D:8      | Bought a potion of lignification for 30 gold pieces
 11010 | D:8      | Bought a potion of haste for 100 gold pieces
 11010 | D:8      | Bought a potion of curing for 30 gold pieces
 11010 | D:8      | Bought a potion of curing for 30 gold pieces
 11065 | D:8      | Found an opulent altar of Gozag.
 11085 | D:8      | Reached **** piety under Nemelex Xobeh
 11285 | D:9      | Reached skill level 10 in Fighting
 11375 | D:9      | Reached skill level 1 in Shields
 11388 | D:9      | Reached XP level 11. HP: 94/99 MP: 16/16
 11455 | D:9      | Reached skill level 7 in Invocations
 11830 | D:9      | Received a gift from Nemelex Xobeh
 12281 | D:9      | Found a hide-covered altar of Uskayaw.
 12404 | D:10     | Entered Level 10 of the Dungeon
 12464 | D:10     | Received a gift from Nemelex Xobeh
 13094 | D:10     | Received a gift from Nemelex Xobeh
 13424 | D:11     | Reached skill level 8 in Invocations
 14147 | D:11     | Found a staircase to the Lair.
 14148 | D:11     | Received a gift from Nemelex Xobeh
 14285 | D:11     | Noticed Sonja
 14851 | D:11     | Reached skill level 9 in Invocations
 14993 | D:11     | Noticed a cyan ugly thing
 15011 | D:11     | Killed a cyan ugly thing
 15011 | D:11     | Reached XP level 12. HP: 59/113 MP: 18/18
 15846 | D:11     | Identified the Tome of Dark Stones
 15867 | Lair:1   | Entered Level 1 of the Lair of Beasts
 15867 | Lair:1   | Reached ***** piety under Nemelex Xobeh
 16042 | Lair:1   | Found a transporter.
 16051 | Lair:1   | Received a gift from Nemelex Xobeh
 16185 | Lair:1   | Received a gift from Nemelex Xobeh
 16589 | Lair:1   | Noticed a six-headed hydra
 16616 | Lair:1   | Received a gift from Nemelex Xobeh
 16674 | Lair:1   | Found a transporter.
 16677 | Lair:1   | Noticed Olid's ghost (journeyman DrCj)
 16747 | Lair:1   | Reached skill level 10 in Invocations
 16988 | Lair:1   | Received a gift from Nemelex Xobeh
 17195 | Lair:1   | Killed a six-headed hydra
 17195 | Lair:1   | Reached skill level 5 in Shields
 17981 | Lair:2   | Noticed Erica
 17986 | Lair:2   | Killed Erica
 18170 | Lair:2   | Received a gift from Nemelex Xobeh
 18176 | Lair:2   | Noticed a four-headed hydra
 18180 | Lair:2   | Killed a four-headed hydra
 19288 | Lair:2   | Reached XP level 13. HP: 124/124 MP: 21/21
 19429 | Lair:2   | Found a staircase to the Shoals.
 19605 | Lair:2   | Reached ****** piety under Nemelex Xobeh
 19605 | Lair:2   | Received a gift from Nemelex Xobeh
 20222 | Lair:3   | Reached skill level 11 in Invocations
 20249 | Lair:3   | Received a gift from Nemelex Xobeh
 20626 | Lair:3   | Found a staircase to the Snake Pit.
 20809 | Lair:3   | Found a one-way gate to the infinite horrors of the Abyss.
 20809 | Lair:3   | Noticed Loywebes's ghost (journeyman MiFi)
 21048 | Lair:3   | Identified the cursed +1 trident "Hellblazer" {distort,
                  | *Noise +Rage rC++ Str+4}
 21049 | Lair:3   | Found a transporter.
 21064 | Lair:3   | Found a transporter.
 21612 | Lair:3   | Received a gift from Nemelex Xobeh
 22681 | Lair:4   | Received a gift from Nemelex Xobeh
 22895 | Lair:4   | Received a gift from Nemelex Xobeh
 22990 | Lair:4   | Reached skill level 15 in Fighting
 23869 | Lair:5   | Received a gift from Nemelex Xobeh
 24028 | Lair:5   | Received a gift from Nemelex Xobeh
 24043 | Lair:5   | Reached skill level 10 in Armour
 24377 | Lair:5   | Found a white marble altar of Elyvilon.
 24607 | Lair:5   | Received a gift from Nemelex Xobeh
 24633 | Lair:5   | Found a viscous altar of Jiyva.
 24634 | Lair:5   | Found a staircase to the Slime Pits.
 24915 | Lair:6   | Entered Level 6 of the Lair of Beasts
 25443 | Lair:6   | Reached skill level 12 in Invocations
 25641 | Lair:6   | Found a runed translucent door.
 25641 | Lair:6   | Noticed Cyzosac's ghost (journeyman HOAK)
 26111 | Lair:6   | Received a gift from Nemelex Xobeh
 26877 | Lair:6   | Reached XP level 14. HP: 134/136 MP: 23/23
 28157 | Lair:6   | no justice no peace
 28404 | Lair:6   | Received a gift from Nemelex Xobeh
 28874 | D:12     | Killed Sonja
 29292 | D:12     | Reached skill level 13 in Invocations
 30511 | D:12     | Found a staircase to the Orcish Mines.
 30669 | D:12     | Received a gift from Nemelex Xobeh
 30954 | D:12     | Received a gift from Nemelex Xobeh
 31676 | D:13     | Found Yrytokk's Magic Scroll Boutique.
 31681 | D:13     | Bought a scroll of magic mapping for 56 gold pieces
 31681 | D:13     | Bought a scroll of blinking for 120 gold pieces
 31681 | D:13     | Bought a scroll of teleportation for 48 gold pieces
 31681 | D:13     | Bought a scroll of teleportation for 48 gold pieces
 31695 | D:13     | Found a flagged portal.
 31700 | D:13     | Received a gift from Nemelex Xobeh
 31701 | D:13     | Noticed Maurice
 31704 | Bailey   | Entered a bailey
 31855 | Bailey   | Identified the ring of Wavobro {rPois rC+ Int+2 Dex-5} (You
                  | found it in a bailey)
 32136 | D:13     | Paralysed by Maurice for 7 turns
 32149 | D:13     | Noticed Maurice
 32149 | D:13     | Maurice changed into Maurice the wyvern
 32152 | D:13     | Killed Maurice the wyvern
 32605 | D:13     | Received a gift from Nemelex Xobeh
 32896 | D:13     | You fall into a shaft and drop 2 floors!
 32896 | D:15     | Entered Level 15 of the Dungeon
 32969 | D:15     | Reached XP level 15. HP: 144/147 MP: 25/25
 32987 | D:15     | Received a gift from Nemelex Xobeh
 33027 | D:15     | Noticed Azrael
 33042 | D:15     | Killed Azrael
 33270 | D:15     | Reached skill level 10 in Shields
 34391 | D:15     | Reached skill level 14 in Invocations
 34786 | D:14     | Paralysed by a hornet for 2 turns
 35267 | D:14     | Noticed Frances
 35283 | D:14     | Killed Frances
 36106 | D:13     | Received a gift from Nemelex Xobeh
 36267 | D:13     | Reached skill level 5 in Dodging
 36332 | D:13     | Found a gate to the Vaults.
 36871 | D:13     | Received a gift from Nemelex Xobeh
 37322 | D:15     | abolish the catoblepae
 37532 | D:15     | Found Loinisag's Pet Rocks.
 37947 | D:15     | Found a staircase to the Depths.
 38330 | Orc:1    | Entered Level 1 of the Orcish Mines
 38371 | Orc:1    | Reached XP level 16. HP: 138/157 MP: 27/27
 38469 | Orc:1    | Found a radiant altar of Vehumet.
 38474 | Orc:1    | Received a gift from Nemelex Xobeh
 39112 | Orc:2    | Entered Level 2 of the Orcish Mines
 39112 | Orc:2    | Found a staircase to the Elven Halls.
 39252 | Orc:2    | Found a roughly hewn altar of Beogh.
 39252 | Orc:2    | Found Peox Asupne's Weapon Boutique.
 39430 | Orc:2    | Found a roughly hewn altar of Beogh.
 39457 | Orc:2    | Received a gift from Nemelex Xobeh
 39872 | Orc:2    | Found a roughly hewn altar of Beogh.
 39923 | Orc:2    | Found a roughly hewn altar of Beogh.
 40065 | Orc:2    | Found a roughly hewn altar of Beogh.
 40092 | Orc:2    | Found a roughly hewn altar of Beogh.
 40660 | Orc:2    | Found Mumeevoji's Antique Weapon Shop.
 40661 | Orc:2    | Found a roughly hewn altar of Beogh.
 40664 | Orc:2    | Found Hair's Antique Armour Boutique.
 40669 | Orc:2    | Bought a pair of glowing boots for 240 gold pieces
 40679 | Orc:2    | Identified a +2 pair of boots of running (You bought it in
                  | a shop on level 2 of the Orcish Mines)
 40686 | Orc:2    | Bought a steaming morningstar for 198 gold pieces
 40686 | Orc:2    | Identified the +5 morningstar "Impslayer" {vamp, +Blink
                  | SInv} (You bought it in a shop on level 2 of the Orcish
                  | Mines)
 40694 | Orc:2    | Bought a pair of runed gloves for 240 gold pieces
 40805 | Orc:2    | Found a roughly hewn altar of Beogh.
 40831 | Orc:2    | Found Uneosas's Antique Weapon Shoppe.
 40907 | Orc:2    | Received a gift from Nemelex Xobeh
 41579 | Orc:1    | Received a gift from Nemelex Xobeh
 41964 | Shoals:1 | Entered Level 1 of the Shoals
 42049 | Shoals:1 | Received a gift from Nemelex Xobeh
 42073 | Shoals:1 | Reached skill level 15 in Invocations
 42234 | Shoals:1 | Found a blossoming altar of Fedhas.
 43190 | Shoals:1 | Found Orusas's Antique Weapon Shoppe.
 43209 | Shoals:2 | Received a gift from Nemelex Xobeh
 44624 | Shoals:1 | Received a gift from Nemelex Xobeh
 44625 | Shoals:1 | Found a runed translucent gate.
 44625 | Shoals:1 | Found a runed translucent gate.
 44628 | Shoals:1 | Noticed Teryn's ghost (journeyman DsAK)
 44637 | Shoals:1 | Found a runed translucent gate.
 45574 | Shoals:2 | Reached skill level 1 in Throwing
 45815 | Shoals:2 | Identified the +1 scale mail "Kirymouc" {Int+2 Stlth+} (You
                  | found it on level 2 of the Shoals)
 45915 | Shoals:2 | Received a gift from Nemelex Xobeh
 46353 | Shoals:3 | Reached skill level 1 in Polearms
 46833 | Shoals:3 | Received a gift from Nemelex Xobeh
 46878 | Shoals:2 | Reached XP level 17. HP: 79/166 MP: 28/28
 47539 | Shoals:3 | Reached skill level 5 in Polearms
 48046 | Shoals:4 | Entered Level 4 of the Shoals
 48062 | Shoals:4 | Received a gift from Nemelex Xobeh
 48150 | Shoals:3 | HP: 8/166 [poison (poison gas)]
 48155 | Shoals:3 | HP: 5/166 [poison (poison gas)]
 48160 | Shoals:3 | HP: 3/166 [poison (poison gas)]
 48166 | Shoals:3 | HP: 2/166 [poison (poison gas)]
 48172 | Shoals:3 | HP: 2/166 [poison (poison gas)]
 48180 | Shoals:3 | HP: 3/166 [poison (poison gas)]
 49300 | Shoals:4 | Got a barnacled rune of Zot
 49336 | Shoals:4 | Cast into level 1 of the Abyss (drawing a card)
 49506 | Abyss:1  | Noticed a tentacled starspawn
 49513 | Abyss:1  | Killed a tentacled starspawn
 49513 | Abyss:1  | Reached skill level 10 in Polearms
 49525 | Shoals:4 | Escaped the Abyss
 50065 | Shoals:4 | Noticed Ilsuiw
 50094 | Shoals:4 | Killed Ilsuiw
 50234 | Shoals:4 | Received a gift from Nemelex Xobeh
 51451 | Shoals:4 | Found a hide-covered altar of Uskayaw.
 51761 | Shoals:1 | Killed Teryn's ghost
 51761 | Shoals:1 | Reached XP level 18. HP: 117/173 MP: 29/29
 52104 | Snake:1  | Entered Level 1 of the Snake Pit
 52460 | Snake:1  | Got a heavily runed chain mail
 52498 | Snake:1  | Identified the +13 chain mail of Agoraphobia {+Blink rPois
                  | MR- Str+4} (You found it on level 1 of the Snake Pit)
 52512 | Snake:1  | Found a runed translucent gate.
 52513 | Snake:1  | Found a runed translucent gate.
 52513 | Snake:1  | Noticed Loduff's ghost (adept GnFi)
 52525 | Snake:1  | Found a runed translucent gate.
 52586 | Snake:1  | Received a gift from Nemelex Xobeh
 53155 | Snake:1  | Received a gift from Nemelex Xobeh
 53691 | Snake:2  | Found an ancient bone altar of Kikubaaqudgha.
 54055 | Snake:2  | Received a gift from Nemelex Xobeh
 54392 | Snake:3  | Received a gift from Nemelex Xobeh
 54575 | Snake:3  | Received a gift from Nemelex Xobeh
 54627 | Snake:3  | Reached skill level 16 in Invocations
 55490 | Snake:4  | Entered Level 4 of the Snake Pit
 55501 | Snake:4  | Noticed Nikola
 55557 | Snake:4  | Received a gift from Nemelex Xobeh
 55942 | Snake:4  | Found a runed translucent gate.
 55943 | Snake:4  | Found a runed translucent gate.
 55944 | Snake:4  | Found a runed translucent gate.
 55955 | Snake:4  | Noticed Kicir's ghost (adept GnFi)
 55967 | Snake:4  | Found Diys's Food Boutique.
 56493 | Snake:4  | Killed Kicir's ghost
 56666 | Snake:4  | Noticed Nikola
 56666 | Snake:4  | Nikola changed into Nikola the caustic shrike
 56673 | Snake:4  | Killed Nikola the caustic shrike
 56683 | Snake:4  | Reached XP level 19. HP: 163/182 MP: 31/31
 56792 | Snake:4  | Reached skill level 15 in Armour
 57599 | Snake:4  | Reached skill level 15 in Shields
 57821 | Snake:4  | Got a serpentine rune of Zot
 57835 | Snake:4  | Received a gift from Nemelex Xobeh
 58551 | Snake:1  | Killed Loduff's ghost
 58583 | Lair:3   | Killed Loywebes's ghost
 58844 | Lair:6   | Killed Cyzosac's ghost
 59031 | Lair:1   | Killed Olid's ghost
 59154 | Vaults:1 | Entered Level 1 of the Vaults
 59229 | Vaults:1 | Reached skill level 17 in Invocations
 59717 | Vaults:1 | Reached XP level 20. HP: 172/193 MP: 32/32
 60027 | Vaults:1 | Received a gift from Nemelex Xobeh
 60420 | Vaults:1 | Received a gift from Nemelex Xobeh
 60766 | Vaults:1 | Received a gift from Nemelex Xobeh
 61618 | Vaults:2 | Received a gift from Nemelex Xobeh
 62140 | Vaults:2 | Identified a scroll of acquirement
 62449 | Vaults:2 | Found a staircase to the Crypt.
 63175 | Vaults:3 | Reached skill level 18 in Invocations
 63256 | Vaults:3 | Noticed Bai Suzhen
 63267 | Vaults:3 | Killed Bai Suzhen
 63427 | Vaults:3 | Reached XP level 21. HP: 201/201 MP: 34/34
 63456 | Vaults:3 | Received a gift from Nemelex Xobeh
 64105 | Vaults:3 | Found Sakoyss's Weapon Boutique.
 64235 | Vaults:3 | Paralysed by a great orb of eyes for 4 turns
 65241 | Vaults:3 | Reached skill level 19 in Invocations
 65527 | Vaults:3 | Received a gift from Nemelex Xobeh
 65652 | Vaults:3 | Identified Sophisticated Wizardry
 66221 | Vaults:4 | Received a gift from Nemelex Xobeh
 66708 | Vaults:4 | Reached XP level 22. HP: 211/211 MP: 35/35
 66749 | Vaults:4 | Received a gift from Nemelex Xobeh
 67114 | Vaults:4 | Noticed Jory
 67130 | Vaults:4 | Killed Jory
 67300 | Vaults:4 | Identified the Compendium of Optimism
 67347 | Vaults:4 | Received a gift from Nemelex Xobeh
 67855 | Elf:1    | Entered Level 1 of the Elven Halls
 68164 | Elf:1    | Identified the Catalogue of Confrontation
 68406 | Elf:1    | Received a gift from Nemelex Xobeh
 68627 | Elf:1    | Found Tylinujy's Food Boutique.
 68660 | Elf:1    | Reached skill level 20 in Invocations
 69024 | Elf:1    | Found a shimmering blue altar of Sif Muna.
 69538 | Elf:2    | Found a runed translucent door.
 69870 | Elf:2    | Received a gift from Nemelex Xobeh
 70000 | Elf:2    | Found a large runed translucent door.
 70000 | Elf:2    | Found a large runed translucent door.
 70027 | Elf:2    | Found a large runed translucent door.
 70027 | Elf:2    | Found a large runed translucent door.
 70764 | Elf:3    | Entered Level 3 of the Elven Halls
 70852 | Elf:3    | Found a huge runed gate.
 70852 | Elf:3    | Found a huge runed gate.
 70852 | Elf:3    | Found a huge runed gate.
 70852 | Elf:3    | Found a huge runed gate.
 70852 | Elf:3    | Found a huge runed gate.
 70853 | Elf:3    | Found a huge runed gate.
 70854 | Elf:3    | Found a huge runed gate.
 70855 | Elf:3    | Found a huge runed gate.
 70856 | Elf:3    | Found a huge runed gate.
 70857 | Elf:3    | Found a huge runed gate.
 70955 | Elf:3    | Found Qemperuf's Weapon Emporium.
 71452 | Elf:3    | Reached skill level 21 in Invocations
 71485 | Elf:3    | Reached XP level 23. HP: 199/220 MP: 37/37
 71655 | Elf:3    | Identified the ring "Ywaur" {*Corrode rPois rN+ Str+4
                  | Stlth+}
 71950 | Elf:3    | Identified the amulet "Icet" {RegenMP Int+2}
 71969 | Elf:3    | Identified the ring "Ukuurini" {rC++ rN+ Slay+4}
 72361 | Elf:3    | Received a gift from Nemelex Xobeh
 72365 | Elf:3    | Identified the Reference Book on Shifting Evil Magic
 72432 | Elf:3    | Identified Faatanio's Compendium of Evil Orientation
 72438 | Elf:3    | Identified the cursed +0 plate armour of the Amoeba {Harm
                  | MP-9 Dex+6} (You found it on level 3 of the Elven Halls)
 72439 | Elf:3    | Identified the Tome of Captivating Good Luck
 72445 | Elf:3    | Identified Kecuggin's Catalogue of Poisonous Ice
 72450 | Elf:3    | Identified the Reference Book on Combat Magic and Summoning
 72831 | Depths:1 | Entered Level 1 of the Depths
 72877 | Depths:1 | Received a gift from Nemelex Xobeh
 73200 | Depths:1 | Found a gateway to Hell.
 73339 | Depths:1 | Found a runed translucent door.
 73342 | Depths:1 | Found a runed translucent door.
 73342 | Depths:1 | Found a runed translucent door.
 73703 | Depths:1 | Reached skill level 5 in Throwing
 73832 | Depths:1 | Received a gift from Nemelex Xobeh
 74001 | Depths:1 | Identified the cursed +0 scale mail "Oxiecaq" {Dex+3} (You
                  | found it on level 1 of the Depths)
 74002 | Depths:1 | Identified the ring of Royalty {+Fly rPois Int-3 Dex+3
                  | Stlth+} (You found it on level 1 of the Depths)
 74218 | Depths:1 | Found a one-way gate leading to the halls of Pandemonium.
 74608 | Depths:2 | Noticed Sojobo
 74622 | Depths:2 | Reached skill level 22 in Invocations
 74628 | Depths:2 | Killed Sojobo
 74750 | Depths:2 | Noticed a golden dragon
 74752 | Depths:2 | Reached XP level 24. HP: 152/231 MP: 38/38
 75142 | Depths:2 | Found a gateway to a ziggurat.
 75268 | Depths:2 | Received a gift from Nemelex Xobeh
 75809 | Depths:2 | Paralysed by a floating eye for 2 turns
 75945 | Depths:2 | Found Otil's Gadget Shoppe.
 75946 | Depths:2 | Found Oloqour's Jewellery Shop.
 75948 | Depths:2 | Found Lyuvvula's Gadget Shoppe.
 75949 | Depths:2 | Received a gift from Nemelex Xobeh
 76632 | Depths:3 | Found Niczen Cocai's Antique Armour Shoppe.
 77504 | Depths:3 | Found a runed translucent gate.
 77504 | Depths:3 | Found a runed translucent gate.
 77504 | Depths:3 | Received a gift from Nemelex Xobeh
 77504 | Depths:3 | Found a runed translucent gate.
 78346 | Depths:3 | Received a gift from Nemelex Xobeh
 78988 | Depths:4 | Received a gift from Nemelex Xobeh
 79480 | Depths:4 | Reached skill level 23 in Invocations
 79638 | Depths:4 | Reached XP level 25. HP: 239/239 MP: 38/38
 79807 | Depths:4 | Noticed a juggernaut
 79821 | Depths:4 | Killed a juggernaut
 80657 | Depths:5 | Entered Level 5 of the Depths
 80657 | Depths:5 | Found a portal to a secret trove of treasure.
 81011 | Depths:5 | Received a gift from Nemelex Xobeh
 81025 | Depths:5 | Found a magical portal.
 81030 | WizLab   | Entered Doroklohe's Tomb
 81850 | Depths:5 | Noticed a juggernaut
 81896 | Depths:5 | Killed a juggernaut
 82406 | Depths:5 | Received a gift from Nemelex Xobeh
 82600 | Hell     | Entered the Vestibule of Hell
 82600 | Hell     | Noticed Geryon
 82693 | Hell     | Killed Geryon
 83247 | Hell     | Found a gateway to the decaying netherworld of Tartarus.
 83605 | Hell     | Noticed Murray
 83611 | Hell     | Killed Murray
 83903 | Depths:5 | Reached XP level 26. HP: 223/249 MP: 38/38
 83978 | Depths:5 | Found a glowing golden altar of the Shining One.
 84603 | Slime:1  | Entered Level 1 of the Pits of Slime
 84704 | Slime:1  | Gained mutation: You tend to lose your temper in combat. [a
                  | shining eye]
 84706 | Slime:1  | Lost mutation: You are agile. (Dex +2) [potion of mutation]
 84706 | Slime:1  | Lost mutation: You tend to lose your temper in combat.
                  | [potion of mutation]
 84706 | Slime:1  | Lost mutation: You are somewhat resistant to further
                  | mutation. [potion of mutation]
 84706 | Slime:1  | Gained mutation: You are partially covered in molten
                  | scales. (AC +2) [potion of mutation]
 84706 | Slime:1  | Gained mutation: You can translocate small distances at
                  | will. [potion of mutation]
 84713 | Slime:2  | Gained mutation: Your magical capacity is low. (-10% MP) [a
                  | shining eye]
 84729 | Slime:2  | Gained mutation: Armour fits poorly on your strangely
                  | shaped body. [a shining eye]
 85290 | Slime:5  | Entered Level 5 of the Pits of Slime
 85597 | Slime:5  | Received a gift from Nemelex Xobeh
 85729 | Slime:4  | Reached skill level 24 in Invocations
 86597 | Slime:5  | Received a gift from Nemelex Xobeh
 86650 | Slime:5  | Found a viscous altar of Jiyva.
 86692 | Slime:5  | Noticed the Royal Jelly
 86693 | Slime:5  | Noticed a titan shaped Royal Jelly
 86693 | Slime:5  | the Royal Jelly changed into a titan shaped Royal Jelly
 86693 | Slime:5  | Killed a titan shaped Royal Jelly
 86694 | Slime:5  | Identified the -1 long sword of Qazlal's Benevolence
                  | {antimagic, rElec rF+}
 86700 | Slime:5  | Identified the +2 demon trident of Ravage {protect, Dex+7}
 87370 | Slime:5  | Got a slimy rune of Zot
 87526 | Slime:3  | Received a gift from Nemelex Xobeh
 88236 | Depths:5 | Found a gate to the Realm of Zot.
 88521 | Zot:1    | Entered Level 1 of the Realm of Zot
 88603 | Zot:1    | Received a gift from Nemelex Xobeh
 90689 | Zot:1    | Reached XP level 27. HP: 239/259 MP: 35/35
 90846 | Zot:2    | Received a gift from Nemelex Xobeh
 91803 | Zot:2    | Received a gift from Nemelex Xobeh
 92412 | Zot:2    | Received a gift from Nemelex Xobeh
 92914 | Zot:3    | Received a gift from Nemelex Xobeh
 93885 | Zot:4    | Received a gift from Nemelex Xobeh
 93947 | Zot:4    | Noticed an orb of fire
 93951 | Zot:4    | Gained mutation: You are clumsy. (Dex -2) [an orb of fire]
 93952 | Zot:4    | Gained mutation: You do not regenerate when monsters are
                  | visible. [an orb of fire]
 93966 | Zot:4    | Gained mutation: You tend to lose your temper in combat.
                  | [an orb of fire]
 93971 | Zot:4    | Gained mutation: Your magical capacity is very low. (-20%
                  | MP) [an orb of fire]
 93981 | Zot:4    | Killed an orb of fire
 94031 | Zot:4    | Reached skill level 10 in Dodging
 94031 | Zot:4    | Reached skill level 25 in Invocations
 94656 | Zot:4    | Received a gift from Nemelex Xobeh
 95400 | Zot:5    | Entered Level 5 of the Realm of Zot
 95705 | Zot:5    | Received a gift from Nemelex Xobeh
 96228 | Zot:5    | Received a gift from Nemelex Xobeh
 96466 | Zot:5    | Noticed an ancient lich
 96483 | Zot:5    | Killed an ancient lich
 96713 | Zot:5    | Noticed an orb of fire
 96714 | Zot:5    | Noticed an orb of fire
 96795 | Zot:5    | Gained mutation: You are frail. (-10% HP) [an orb of fire]
 96808 | Zot:5    | Gained mutation: Scrolls take you a little longer to read.
                  | [an orb of fire]
 96814 | Zot:5    | Killed an orb of fire
 97112 | Zot:5    | Gained mutation: You are dopey. (Int -2) [an orb of fire]
 97116 | Zot:5    | Gained mutation: You occasionally shout uncontrollably at
                  | your foes. [an orb of fire]
 97122 | Zot:5    | Gained mutation: You are very dopey. (Int -4) [an orb of
                  | fire]
 97126 | Zot:5    | Gained mutation: Your magical capacity is extremely low.
                  | (-30% MP) [an orb of fire]
 97142 | Zot:5    | Killed an orb of fire
 97703 | Zot:5    | Noticed an orb of fire
 97776 | Zot:5    | Noticed an orb of fire
 97790 | Zot:5    | Gained mutation: You often lose your temper in combat. [an
                  | orb of fire]
 97804 | Zot:5    | Killed an orb of fire
 97948 | Zot:5    | Noticed an ancient lich
 97961 | Zot:5    | Killed an ancient lich
 98818 | Zot:5    | Reached skill level 26 in Invocations
 98823 | Zot:5    | Noticed an orb of fire
 98864 | Zot:5    | Killed an orb of fire
 99173 | Zot:5    | Identified the Disquisition on Doomed Venom
 99210 | Zot:5    | Gained mutation: You have an uncontrollable temper. [an orb
                  | of fire]
 99221 | Zot:5    | Gained mutation: You are very clumsy. (Dex -4) [an orb of
                  | fire]
 99223 | Zot:5    | Killed an orb of fire
 99279 | Zot:5    | Lost mutation: Your magical capacity is extremely low.
                  | (-30% MP) [potion of mutation]
 99279 | Zot:5    | Lost mutation: You can translocate small distances at will.
                  | [potion of mutation]
 99279 | Zot:5    | Lost mutation: Your magical capacity is very low. (-20% MP)
                  | [potion of mutation]
 99279 | Zot:5    | Gained mutation: Scrolls take you longer to read. [potion
                  | of mutation]
 99279 | Zot:5    | Gained mutation: Your spells are a little harder to cast,
                  | but a little more powerful. [potion of mutation]
 99280 | Zot:5    | Lost mutation: You are very dopey. (Int -4) [potion of
                  | mutation]
 99280 | Zot:5    | Lost mutation: You occasionally shout uncontrollably at
                  | your foes. [potion of mutation]
 99280 | Zot:5    | Lost mutation: You are frail. (-10% HP) [potion of
                  | mutation]
 99280 | Zot:5    | Lost mutation: Armour fits poorly on your strangely shaped
                  | body. [potion of mutation]
 99280 | Zot:5    | Lost mutation: You have an uncontrollable temper. [potion
                  | of mutation]
 99281 | Zot:5    | Lost mutation: You are very clumsy. (Dex -4) [potion of
                  | mutation]
 99281 | Zot:5    | Lost mutation: Your magical capacity is low. (-10% MP)
                  | [potion of mutation]
 99281 | Zot:5    | Gained mutation: You are very clumsy. (Dex -4) [potion of
                  | mutation]
 99281 | Zot:5    | Gained mutation: You have a beak for a mouth. [potion of
                  | mutation]
 99368 | Zot:5    | Got the Orb of Zot
100085 | D:$      | Escaped with the Orb!

Illustrated notes ##...## ##... ##....# #..# #P...## ##.# #.÷..# #. #...## #...# #..## ##..# #..@# #PYP# #Y§.# #..P# ##.§## ##..# ##.# .Y. ...Y# Turn 28157 on Lair:6: no justice no peace

#.......#..............#
#.......#..............#
#.......#..............#
.##+##.#.....(........#
#..............#
.#####'##.......#
#........#.......#
#........#.......#
#.......@####....#
#...........#....#
#......[....######
...........Y..
###.............
###...........
#.....####.. #.....# ..


Turn 37322 on D:15: abolish the catoblepae

Levels and vault maps discovered:
D:1:      sevenhm_arrival_forest_fort_large_4, layout_basic,
          hangedman_abyss_or_decor_lesser_grid, hangedman_decor_opposing,
          minmay_misc_feat_doors, minmay_tripent
D:2:      layout_rooms, grunt_temple_overflow_cloverleaf,
          gammafunk_temple_overflow_elements
D:3:      layout_rooms, nicolae_overflow_crystal_walls, kennysheep_slug_shrine
D:4:      layout_basic, dancing_weapons_uskayaw, first_ration, minivault_1,
          st_stairs_1
D:5:      layout_cave_pools, nicolae_overflow_hidden_temple,
          serial_column_ruins, column_ruins_columns_straight,
          column_ruins_grid_2, column_ruins_corridor_straight,
          column_ruins_grid_3, column_ruins_open_small,
          column_ruins_open_medium_water, column_ruins_open_small
D:6:      layout_basic, overflow_temple_1_default,
          minmay_temple_entry_nine_rooms, lightli_sewer_entry_pipes
D:7:      layout_loops_ring, basic_altar
D:8:      layout_loops_ring, overflow_temple_1_default, kennysheep_little_box,
          serial_shops, nicolae_shop_crystal, uniq_harold, uniq_gastronok
D:9:      layout_basic, basic_altar
D:10:     layout_long_grid
D:11:     layout_basic, minmay_lair_entry_grove, serial_ice, serial_ice_m,
          serial_ice_d, serial_ice_j, serial_ice_e, uniq_sonja
D:12:     layout_cave_pools, hiddenorc2_lemuel, gauntlet_entry_generic
D:13:     layout_grid_maze, david_vaults_5, serial_shops, shop_scrolls,
          enter_bailey_2, uniq_maurice
D:14:     layout_loops_ring, infiniplex_staircase_spiral, uniq_frances
D:15:     grunt_enter_depths_snipers, layout_irregular_city,
          hangedman_decor_points, guppyfry_shop_earth, uniq_azrael
Lair:1:   beast_lair_carwin_large_2, layout_regular_city, gammafunk_ghost_arena
Lair:2:   layout_loops_ring, elwin_shoals_entry_rooms, st_stairs_7,
          grunt_megastairs_4, minmay_lair_oklob_chamber, lemuel_fruit_tree,
          uniq_erica
Lair:3:   layout_hall_layers, guppyfry_snake_entry_island,
          gammafunk_ghost_abyssal_escape, minivault_24,
          kennysheep_abandoned_house
Lair:4:   cheibrodos_lair_river_kwai, layout_cellular_growth
Lair:5:   layout_cave_pods, slime_altar_1, basic_altar, lemuel_fruit_fields
Lair:6:   grunt_lair_end_beastmaster, layout_cave_pods, gammafunk_ghost_grave,
          minmay_stone_trees_small, nicolae_quartered_pool_super
Shoals:1: layout_shoals, serial_shops, nicolae_shop_behind_doors,
          ebering_ghost_rock_garden, lemuel_centaur_altar
Shoals:2: layout_shoals, abandoned_shop
Shoals:3: layout_shoals, nicolae_shoals_mertower
Shoals:4: shoals_end_simple, layout_shoals, shoal_ilsuiw,
          regret_index_shoals_crete
Snake:1:  layout_gridlike, gammafunk_ghost_split, st_stairs_4,
          nicolae_snake_linked_coils
Snake:2:  layout_onion, basic_altar
Snake:3:  layout_chambers, hangedman_venom_bottle
Snake:4:  snake_pit, layout_rooms, serial_shops, shop, serial_bayou,
          serial_bayou_crossing, serial_bayou_shore_b, serial_bayou_lake_a,
          serial_bayou_ford_a, gammafunk_ghost_necromancy, uniq_nikola
Slime:1:  layout_caves
Slime:2:  layout_caves
Slime:3:  layout_caves
Slime:4:  nicolae_slime_jelly_donut, layout_caves
Slime:5
Orc:1:    layout_diamond_mine, basic_altar
Orc:2:    grunt_orc_community_town_hall, layout_caves,
          grunt_orc_community_big_house_1, grunt_orc_community_big_house_2,
          grunt_orc_community_house_2, grunt_orc_community_house_1,
          grunt_orc_community_house_1, grunt_orc_community_house_2,
          grunt_orc_community_house_2, grunt_orc_community_house_2, basic_altar,
          mines_bat_river
Elf:1:    elf_arrival_002, layout_loops_corners, serial_shops, shop,
          minmay_elf_annihilation, lemuel_blue_sif_altar
Elf:2:    layout_geoelf_grid, minivault_13
Elf:3:    minmay_elf_hall_four_x, layout_geoelf_octagon, serial_shops, shop,
          chequers_big_river, door_vault
Vaults:1: vaults_standard_mumra_enter_the_diamond, v_pattern_2,
          grunt_vaults_focal, nicolae_vaults_gold_heap, vaults_room_ringed_pool,
          nicolae_vaults_little_squares_6, nicolae_vaults_little_squares_6,
          layout_vaults_omnigrid
Vaults:2: nicolae_vaults_mini_display_case, minmay_crypt_entry_simple_corners,
          ontoclasm_vaults_hangar, vaults_mumra_hex, nicolae_vaults_asterisk,
          v_misc_9, vaults_room_door_hall, hangedman_vaults_trim,
          nicolae_vaults_alarming, layout_vaults_omnicross
Vaults:3: hangedman_vaults_unwind, nicolae_vaults_bisected_inception,
          v_pattern_3, nicolae_vaults_network_periphery,
          dpeg_vaults_monster_box, v_alt_pattern_2, v_rooms_3,
          ontoclasm_vaults_decontamination, nicolae_vaults_bisected_slash,
          st_greater_box_5, vaults_room_pool, nicolae_vaults_ring_of_whatevers,
          vaults_room_hallway, nicolae_vaults_little_squares_5,
          vaults_dpeg_ring, layout_vaults_omnibox, serial_shops, shop,
          uniq_bai_suzhen
Vaults:4: vaults_room_fancy_cross, nicolae_vaults_rhombus_5, v_alt_pattern_3,
          v_rooms_2, nicolae_vaults_little_squares_2, vaults_room_pools,
          hangedman_vaults_corner, vaults_room_grid, vaults_mumra_chevron,
          layout_vaults_chaotic_city, uniq_jory
Depths:1: minmay_the_grid_four_pointed_star_mashed
          [minmay_the_grid_triangle_9x9_fully_insulated_deathbox,
          minmay_the_grid_triangle_9x9_warning,
          minmay_the_grid_triangle_9x9_minimal,
          minmay_the_grid_triangle_9x9_skeleton,
          minmay_the_grid_prize_four_corners_diamond_a], layout_basic,
          grunt_pan_entry_in_and_out, hell_entry, hangedman_decor_push
Depths:2: grunt_deathspiral_small, layout_cave_pools, enter_ziggurat_c,
          hellmouth_1, abyss_entry, hangedman_decor_growths,
          infiniplex_staircase_pool_2, minmay_shop_grove, uniq_sojobo
Depths:3: kennysheep_blocky_room, layout_cave_pools, rand_demon_pan_entry_5,
          pf_coc_iceberg, ploomutoo_gammafunk_ghost_potion_laboratory,
          serial_shops, nicolae_shop_crystal, minmay_misc_feat_more_columns,
          serial_sigils_hangedman_gut, st_stairs_5
Depths:4: minmay_outward_triangles, layout_cave_pools, grunt_mini_vestibule,
          abyss_entry, corexii_leaking_fountain, grunt_ministairs_14,
          kennysheep_windowed_goal
Depths:5: grunt_x_marks_the_spot, layout_cave_pools, tso_altar, enter_trove_0,
          rand_demon_pan_entry_8, grunt_hell_entry_dis_old,
          infiniplex_enter_wizlab_spiral, minmay_statues_item
Hell
Zot:1:    lemuel_acid_trip, layout_concentric_octagons
Zot:2:    layout_onion
Zot:3:    layout_misc_corridors
Zot:4:    layout_cathedral_of_symmetry
Zot:5:    layout_gridlike

Skill      XL: |  1  2  3  4  5  6  7  8  9 10 11 12 13 14 15 16 17 18 19 20 21 22 23 24 25 26 27 |
---------------+----------------------------------------------------------------------------------+-----
Fighting       | 1 2 3 4 8 10 12 14 15 17 18 19 20 21 22 23 25 | 25.1
Axes           | 1 2 3 6 7 10 13 14 | 14.0
Invocations    | 5 6 9 10 12 13 14 15 16 17 18 19 21 22 23 24 26 | 26.1
Armour         | 4 5 7 9 10 11 12 13 14 16 17 18 19 20 21 22 23 24 | 24.6
Dodging        | 2 3 5 6 7 8 9 11 | 11.8
Shields        | 1 4 6 8 9 11 12 13 14 15 17 18 19 20 21 22 23 24 | 24.3
Throwing       | 1 3 5 7 8 |  8.0
Polearms       | 3 12 | 12.1
Stealth        | |  1.5
Spellcasting   | |  1.5
Conjurations   | |  1.0
Air Magic      | |  2.4

Action                   |  1- 3 |  4- 6 |  7- 9 | 10-12 | 13-15 | 16-18 | 19-21 | 22-24 | 25-27 || total
-------------------------+-------+-------+-------+-------+-------+-------+-------+-------+-------++-------
Melee: Unarmed           |    38 |       |       |       |       |       |       |       |       ||    38
       Dagger            |     8 |       |       |       |       |       |       |       |       ||     8
       Hand axe          |    95 |   237 |       |       |  1056 |   938 |       |       |       ||  2326
       War axe           |       |       |    51 |    79 |    45 |       |       |       |       ||   175
       Demon trident     |       |       |       |       |       |  1239 |  1793 |  2033 |  2532 ||  7597
       Peck              |       |       |       |       |       |       |       |       |     7 ||     7
 Fire: Hunting sling     |       |    16 |   315 |   824 |   739 |       |       |       |       ||  1894
Throw: Stone             |       |    76 |     2 |     3 |    72 |       |       |       |       ||   153
       Dart              |       |       |       |       |   121 |   188 |   227 |   115 |       ||   651
       Boomerang         |       |       |       |       |    25 |   166 |    33 |   249 |   165 ||   638
       Javelin           |       |       |       |       |       |       |       |    32 |   304 ||   336
       Throwing net      |       |       |       |       |       |       |       |       |     2 ||     2
Invok: Draw Destruction  |       |     3 |     2 |    13 |    11 |    20 |       |    12 |     4 ||    65
       Draw Summoning    |       |     1 |     3 |     5 |     5 |     5 |     2 |     2 |     4 ||    27
       Deal Four         |       |       |       |       |     5 |     8 |     2 |     2 |     5 ||    22
       Draw Stack        |       |       |       |       |       |       |       |       |     2 ||     2
       Stack Five        |       |       |       |       |       |       |       |       |     1 ||     1
Evoke: Wand              |       |       |       |       |       |     3 |       |     3 |       ||     6
  Use: Scroll            |     1 |       |       |       |    22 |    15 |     7 |    28 |    14 ||    87
       Potion            |     5 |     2 |       |     3 |     4 |    10 |     2 |       |    23 ||    49
 Stab: Sleeping          |     2 |       |       |       |       |       |       |       |       ||     2
       Petrified         |       |       |       |       |     5 |       |       |       |       ||     5
       Distracted        |       |       |       |       |     1 |     2 |     1 |     1 |     1 ||     6
       Confused          |       |       |       |       |       |     1 |       |       |       ||     1
  Eat: Chunk             |     3 |     7 |    12 |    19 |    26 |    28 |    17 |    25 |    29 ||   166
       Ration            |       |     1 |     1 |     4 |    10 |     9 |     5 |     5 |    11 ||    46
Armor: Robe              |    20 |       |       |       |       |       |       |       |       ||    20
       Skin              |     8 |       |       |     7 |       |       |       |       |       ||    15
       Ring mail         |       |    74 |    88 |   181 |   402 |       |       |       |       ||   745
       Chain mail        |       |       |       |       |   208 |   152 |   253 |   178 |       ||   791
       Plate armour      |       |       |       |       |       |   438 |       |       |       ||   438
       Gold dragon scale |       |       |       |       |       |       |       |   241 |  1146 ||  1387
Dodge: Dodged            |    92 |   128 |   117 |   282 |   502 |   281 |   186 |   216 |   449 ||  2253
Block: Buckler           |       |    38 |    25 |    77 |       |       |       |       |       ||   140
       Kite shield       |       |       |       |    69 |   830 |       |       |       |       ||   899
       Tower shield      |       |       |       |       |    95 |  1637 |  1080 |  1443 |  2349 ||  6604
       Reflection        |       |       |       |       |       |   125 |   170 |   155 |    78 ||   528
